 Dungeon Crawl Stone Soup version 0.25-a0-160-gd1d2e81aba (webtiles) character file.

Game seed: 13819634241151299655, levelgen mode: deterministic

147 RedPan the Chiller (level 5, -1/38 HPs)
             Began as a Draconian Ice Elementalist on Nov 21, 2019.
             Slain by an orc
             ... wielding a +0 trident
              (3 damage)
             ... on level 3 of the Dungeon.
             The game lasted 00:08:33 (2692 turns).

RedPan the Chiller (Draconian Ice Elementalist)     Turns: 2692, Time: 00:08:33

Health: -1/38      AC:  6    Str: 10    XL:     5   Next: 8%
Magic:  3/10       EV: 12    Int: 17    God:
Gold:   66         SH:  0    Dex: 11    Spells: 6/11 levels left

rFire    . . .     SeeInvis .   o - +1 dagger (venom)
rCold    . . .     Gourm    .   (no shield)
rNeg     . . .     Faith    .   (armour unavailable)
rPois    .         Spirit   .   (helmet restricted)
rElec    .         Reflect  .   (no cloak)
rCorr    .         Harm     .   k - +0 pair of gloves
MR       .....                  (no boots)
Stlth    ++........             (no amulet)
HPRegen  0.12/turn              (no ring)
MPRegen  0.12/turn              (no ring)

@: no status effects
A: unfitting armour, cold-blooded, AC +5
a: no special abilities


You were on level 3 of the Dungeon.
You were not hungry.

You visited 1 branch of the dungeon, and saw 3 of its levels.

You collected 66 gold pieces.

Inventory:

Hand Weapons
 o - a +1 dagger of venom (weapon)
Missiles
 i - 31 stones (quivered)
Armour
 k - a +0 pair of gloves (worn)
Magical Staves
 a - an uncursed staff of power
Scrolls
 d - a scroll of identify
 g - a scroll of blinking {unknown}
 h - 3 scrolls of teleportation
Potions
 c - a potion of berserk rage {unknown}
 e - a potion of curing
 f - a potion of brilliance {unknown}
 l - a potion of degeneration {unknown}
Comestibles
 b - 2 rations
 m - 4 chunks of flesh


   Skills:
 + Level 0.7 Staves
 - Level 1.7 Dodging
 - Level 1.7 Stealth
 + Level 3.5 Spellcasting
   Level 1.0 Conjurations
 + Level 1.2 Summonings
 + Level 4.4 Ice Magic


You had 6 spell levels left.
You knew the following spells:

 Your Spells              Type           Power        Failure   Level  Hunger
a - Freeze                Ice            ###.         2%          1    None
b - Summon Ice Beast      Ice/Summ       ##......     45%         4    ####...

Your spell library contained the following spells:

 Spells                   Type           Power        Failure   Level  Hunger
 Throw Frost              Conj/Ice       ##....       9%          2    ##.....
 Ozocubu's Armour         Chrm/Ice       ##......     21%         3    ###....
 Throw Icicle             Conj/Ice       ##......     50%         4    ####...


Dungeon Overview and Level Annotations

Branches:
Dungeon (3/15)

Altars:
Gozag
Okawaru
Xom


Innate Abilities, Weirdness & Mutations

Your plain brown scales are hard. (AC +5)
You cannot fit into any form of body armour.
You are cold-blooded and may be slowed by cold attacks.


Message History

Casting: Freeze (safe; 2% risk of failure)
Confirm with . or Enter, or press ? or * to list all spells.
Aiming: Freeze (safe; 2% risk of failure)
Press: ? - help, Shift-Dir - straight line, f - orc
Aim: an orc, wielding a +0 club You freeze the orc.
The orc is heavily wounded.
The orc closely misses you.
The orc hits you from afar with a +0 trident!
* * * LOW HITPOINT WARNING * * *
Casting: Freeze (safe; 2% risk of failure)
Confirm with . or Enter, or press ? or * to list all spells.
Aiming: Freeze (safe; 2% risk of failure)
Press: ? - help, Shift-Dir - straight line, f/p - orc
Aim: an orc, wielding a +0 club (heavily wounded)
You freeze the orc!
You kill the orc!
The orc hits you but does no damage. The orc hits you with a +0 trident.
You die...

#.# #....).....#....#
#.###............####
#..........##..#.#
#####..##.##..####
#.#..##..#.##
#........##
##..###..# ##.####.#
.._...# #).o@...#
.....# #.######.#
....# #.# ##.# ...#
#. ##..# ##.## #
#...###...##
####.......#
###..<.## ###.## #...


You could see an orc.

Vanquished Creatures
  An orc wizard (D:3)
  A worker ant (D:2)
  A gnoll (D:1)
  An adder (D:2)
  2 oozes (D:1)
  3 dart slugs (D:1)
  5 leopard geckos
  2 orcs (D:3)
  3 giant cockroaches
  5 goblins
  10 hobgoblins
  4 jackals (D:1)
  8 bats
  3 frilled lizards
  2 kobolds (D:2)
  8 rats
59 creatures vanquished.

Notes
Turn   | Place    | Note
-------+----------+-------------------------------------------
     0 | D:1      | RedPan the Draconian Ice Elementalist began the quest for
                  | the Orb.
     0 | D:1      | Reached XP level 1. HP: 14/14 MP: 3/3
   114 | D:1      | Reached XP level 2. HP: 20/20 MP: 1/5
   618 | D:1      | Reached XP level 3. HP: 16/26 MP: 1/7
  1109 | D:1      | Reached skill level 4 in Ice Magic
  1575 | D:2      | Reached XP level 4. HP: 33/33 MP: 6/8
  1581 | D:2      | Learned a level 4 spell: Summon Ice Beast
  2292 | D:2      | Found an iron altar of Okawaru.
  2320 | D:2      | Found an opulent altar of Gozag.
  2529 | D:3      | Found a shimmering altar of Xom.
  2557 | D:3      | Reached skill level 1 in Summonings
  2688 | D:3      | Reached XP level 5. HP: 8/38 MP: 4/10
  2692 | D:3      | Slain by an orc

Levels and vault maps discovered:
D:1:      ncdulo_wetmaze, layout_basic, serial_forest,
          infiniplex_forest_clump_small, infiniplex_forest_lined_3,
          infiniplex_forest_straight_2, infiniplex_forest_fountain,
          infiniplex_forest_clump_diagonal, infiniplex_forest_clump_small,
          infiniplex_forest_pool, infiniplex_forest_lined_3_way,
          infiniplex_forest_clump_tiny, infiniplex_forest_lined_corner,
          st_stairs_7
D:2:      layout_basic, lemuel_crystal_altar, grunt_gozag_statues, first_ration
D:3:      layout_loops_ring, lemuel_zombie_altar_yredelemnul,
          lemuel_round_altar, gammafunk_ghost_cemetery, kennysheep_potato

Skill      XL: |  1  2  3  4 |
---------------+-------------+-----
Spellcasting   | 3 |  3.5
Ice Magic      | 4 |  4.4
Summonings     | 1 |  1.2
Staves         | |  0.7
Dodging        | |  1.7
Stealth        | |  1.7
Conjurations   | |  1.0

Action                   |  1- 3 |  4- 6 || total
-------------------------+-------+-------++-------
Melee: Unarmed           |     4 |       ||     4
       Whip              |    53 |     7 ||    60
       Tailslap          |     2 |     2 ||     4
       Short sword       |     1 |       ||     1
       Staff             |       |     5 ||     5
       Dagger            |       |     2 ||     2
 Cast: Freeze            |    42 |    35 ||    77
  Use: Scroll            |     3 |     4 ||     7
 Stab: Distracted        |     1 |       ||     1
       Sleeping          |     1 |       ||     1
  Eat: Chunk             |     3 |     3 ||     6
Armor: Skin              |    27 |    13 ||    40
Dodge: Dodged            |    67 |    35 ||   102

Table legend:
 A = Non-vault XP
 B = Vault XP
 C = Vault XP percentage of total XP
 D = Non-vault monster count
 E = Vault monster count
 F = Vault count percentage of total count
                 A         B        C        D         E       F
            +---------+---------+-------+---------+---------+-------
      Total |     208 |       3 |   1.4 |      58 |       1 |   1.7
            +---------+---------+-------+---------+---------+-------
        D:1 |      90 |       3 |   3.2 |      35 |       1 |   2.8
        D:2 |      67 |       0 |   0.0 |      16 |       0 |   0.0
        D:3 |      51 |       0 |   0.0 |       7 |       0 |   0.0
            +---------+---------+-------+---------+---------+-------
